 Dungeon Crawl Stone Soup version 0.18-a0-816-g97f838e (webtiles) character file.

30 cluie the Gusty (level 3, -1/26 HPs)
             Began as a Demonspawn Air Elementalist on Dec 15, 2015.
             Slain by a worm (3 damage)
             ... on level 2 of the Dungeon.
             The game lasted 00:02:32 (1093 turns).

cluie the Gusty (Demonspawn Air Elementalist)       Turns: 1093, Time: 00:02:33

Health: -1/26      AC:  3    Str:  8    XL:     3   Next: 3%
Magic:  5/6        EV: 14    Int: 17    God:
Gold:   107        SH:  0    Dex: 13    Spells: 1 memorised, 5 levels left

rFire  . . .     SeeInvis .     f - +0 whip
rCold  . . .     Clarity  .     a - +0 robe
rNeg   . . .     SustAt   .     (no shield)
rPois  .         Gourm    .     e - +0 hat
rElec  .         Spirit   .     h - +0 cloak
rCorr  .         Dismiss  .     (no gloves)
rMut   .         Stasis   .     (no boots)
MR     .....                    (no amulet)
Stlth  +.........               (no ring)
                                d - ring of loudness (curse)

@: not resistant to hostile enchantments, very unstealthy
A: horns 1, repulsion field 1
a: no special abilities


You were on level 2 of the Dungeon.
You were not hungry.

You visited 1 branch of the dungeon, and saw 2 of its levels.

You collected 107 gold pieces.

Inventory:

Hand Weapons
 f - a +0 whip (weapon)
Armour
 a - a +0 robe (worn)
 e - a +0 hat (worn)
 h - a +0 cloak (worn)
Jewellery
 d - a cursed ring of loudness (left hand)
Scrolls
 j - 2 scrolls of remove curse {unknown}
Potions
 g - a potion of lignification {unknown}
 i - a potion of curing {unknown}
 k - a potion of might {unknown}
Books
 b - a book of Air

   Spells                             Type                      Level
   a - Shock                          Conjuration/Air              1
   b - Swiftness                      Charms/Air                   2
   c - Repel Missiles                 Charms/Air                   2
   d - Static Discharge               Conjuration/Air              3
   e - Lightning Bolt                 Conjuration/Air              5
Comestibles
 c - 2 bread rations
 l - a meat ration
 m - 2 chunks of flesh


   Skills:
 + Level 1.0 Fighting
 + Level 2.2 Dodging
 - Level 1.7 Stealth
 + Level 2.2 Spellcasting
 * Level 1.6 Conjurations
 + Level 2.8 Air Magic


You had 5 spell levels left.
You knew the following spells:

 Your Spells              Type           Power        Failure   Level  Hunger
a - Shock                 Conj/Air       #...         10%         1    #......


Dungeon Overview and Level Annotations

Branches:
Dungeon (2/15)

Altars:


Innate Abilities, Weirdness & Mutations

You have a pair of small horns on your head.
You are surrounded by a mild repulsion field (EV +2).


Message History

You barely miss the worm. You headbutt the worm.
The worm is severely wounded.
The worm misses you.
A goblin comes into view. It is wielding a dagger.
The goblin shouts!
You hit the worm.
The worm is severely wounded.
The worm misses you.
You barely miss the worm.
The worm is heavily wounded.
The goblin unwields an uncursed dagger.
The goblin wields a hunting sling.
The goblin shoots a stone.
The stone misses you.
You hit the worm but do no damage. Your headbutt misses the worm.
The worm is heavily wounded.
The worm bites you.
* * * LOW HITPOINT WARNING * * *
You hit the worm.
The worm is severely wounded.
The worm bites you.
You die...

.............#.[.....#S##...
.............##........##...
.............#.......#......
....(........#.......##.....
.............#..............
.......g..................>#
.....#.....#####....w###...#
#########.########........##
##..@w.........##....
#..##(..........##.##
#.#####)........# .#
######.######...........
#..........##.).....###.
#..........##.......# .
#..........##.........
#..........##.......#..
#..........############


You could see a worm and a goblin.

Vanquished Creatures
  2 ball pythons (D:2)
  3 goblins
  5 hobgoblins
  4 jackals (D:1)
  6 bats
  A giant cockroach (D:1)
  A giant gecko (D:1)
  A giant newt (D:1)
  A kobold (D:1)
  6 rats (D:1)
30 creatures vanquished.

Notes
Turn   | Place    | Note
--------------------------------------------------------------
     0 | D:1      | cluie the Demonspawn Air Elementalist began the quest for the Orb.
     0 | D:1      | Reached XP level 1. HP: 13/13 MP: 3/3
   394 | D:1      | Gained mutation: You have a pair of small horns on your head. [demonic ancestry]
   394 | D:1      | Reached XP level 2. HP: 2/20 MP: 3/5
   937 | D:1      | Reached skill level 1 in Fighting
  1071 | D:2      | Gained mutation: You are surrounded by a mild repulsion field (EV +2). [demonic ancestry]
  1071 | D:2      | Reached XP level 3. HP: 26/26 MP: 2/6
  1093 | D:2      | Slain by a worm

Vault maps used:
D:1:      minmay_arrival_open_corners, supply_closet_lemuel

Action                   || total
-------------------------++-------
Melee: Whip              ||    64
       Unarmed           ||    12
 Cast: Shock             ||    28
  Eat: Chunk             ||     1
